 Dungeon Crawl Stone Soup version 0.30.1-9-gdf580d7c3d (webtiles) character file.

Game seed: 4668231672545954758

296 Ninjinzu the Grave Robber (level 6, -6/41 HPs)
             Began as a Demonspawn Necromancer on Sept 27, 2023.
             Killed from afar by Natasha (8 damage)
             ... with a magic dart
             ... on level 4 of the Dungeon.
             The game lasted 00:12:42 (3259 turns).

Ninjinzu the Grave Robber (Demonspawn Necromancer)  Turns: 3259, Time: 00:12:44

Health: -6/41      AC:  2    Str: 14    XL:     6   Next: 12%
Magic:  15/20      EV: 12    Int: 19    God:
Gold:   231        SH:  0    Dex: 13    Spells: 11/12 levels left

rFire   . . .        q - staff of air
rCold   . . .        (no shield)
rNeg    . . .        a - +0 robe
rPois   .            (no helmet)
rElec   +            (no cloak)
rCorr   .            (no gloves)
SInv    .            (no boots)
Will    .....        (no amulet)
Stlth   ++           j - ring of magical power
HPRegen 0.26/turn    s - +6 ring of strength
MPRegen 0.17/turn

%: no passive effects
@: slowed, very slow
A: claws 1, powered by death 2
a: no special abilities


You were on level 4 of the Dungeon.
You visited 1 branch of the dungeon, and saw 4 of its levels.

You collected 231 gold pieces.

Inventory:

Hand Weapons
 r - a +0 dagger of electrocution
 u - a +0 dagger of pain
Armour
 a - a +0 robe (worn)
Magical Staves
 q - a staff of air (weapon)
Jewellery
 j - a ring of magical power (left claw)
 s - a +6 ring of strength (right claw)
Scrolls
 c - 2 scrolls of teleportation {unknown}
 d - 3 scrolls of immolation {unknown}
 f - a scroll of fog {unknown}
 g - a scroll of enchant weapon {unknown}
 h - a scroll of identify {unknown}
 k - a scroll of vulnerability {unknown}
 l - a scroll of acquirement {unknown}
 t - a scroll of amnesia {unknown}
Potions
 b - a potion of magic
 e - 3 potions of degeneration {unknown}
 i - a potion of resistance {unknown}
 m - a potion of curing {unknown}
 n - a potion of lignification {unknown}
 o - 2 potions of ambrosia {unknown}
 p - a potion of heal wounds


   Skills:
 + Level 0.1 Fighting
 + Level 1.9 Dodging
 + Level 2.0 Stealth
 + Level 3.9 Spellcasting
 + Level 6.8 Necromancy


You had 11 spell levels left.
You knew the following spells:

 Your Spells              Type           Power      Damage    Failure   Level
a - Necrotise             Necr           100%       1d9       1%          1

Your spell library contained the following spells:

 Spells                   Type           Power      Damage    Failure   Level
 Vampiric Draining        Necr           29%        2d8       2%          3
 Animate Dead             Necr           29%        N/A       9%          4
 Agony                    Necr           29%        N/A       24%         5
 Dazzling Flash           Conj/Hex       6%         N/A       38%         3
 Volatile Blastmotes      Fire/Tloc      6%         2d10      38%         3
 Iskenderun's Mystic Bla  Conj/Tloc      3%         2d3       80%         4
 Starburst                Conj/Fire      1%         6d3       100%        6


Dungeon Overview and Level Annotations

Branches:
Dungeon (4/15)
 Temple: D:4-7

Altars:
Fedhas
Kikubaaqudgha
Nemelex Xobeh

Shops:
D:1 [   D:3 =*

Annotations:
D:4 Natasha


Innate Abilities, Weirdness & Mutations

You have sharp fingernails.
You regenerate health from kills.


Message History

The cerulean imp hits you from afar with a +0 spear.
Aiming: Necrotise (safe; 1% risk of failure)
Press: ? - help, Q - select action Shift-Dir - straight line, f/p - Natasha
Aim: Natasha (ally target, chance to affect: 83%) Natasha writhes in agony!
Your orc skeleton crumbles into dust!
The cerulean imp misses you.
Aiming: Necrotise (safe; 1% risk of failure)
Press: ? - help, Q - select action Shift-Dir - straight line, f/p - Natasha
Aim: Natasha (moderately wounded, chance to affect: 83%) Natasha writhes in agony.
The cerulean imp completely misses you.
The cerulean imp hits you from afar with a +0 spear.
The cerulean imp hits you from afar with a +2 spear.
The cerulean imp closely misses you. Natasha attacks as you move away!
Natasha claws you! Natasha casts a spell at you. The magic dart hits you!
The cerulean imp hits you from afar with a +2 spear.
Aiming: Necrotise (safe; 1% risk of failure)
Press: ? - help, Q - select action Shift-Dir - straight line, f/p - Natasha
Aim: Natasha (heavily wounded, chance to affect: 83%) Natasha writhes in agony.
The cerulean imp hits you from afar with a +0 spear.
* * * LOW HITPOINT WARNING * * *
Natasha howls an incantation.
Natasha shimmers violently.
Natasha claws you.
* * * LOW HITPOINT WARNING * * *
The cerulean imp closely misses you.
The cerulean imp hits you from afar with a +0 spear.
* * * LOW HITPOINT WARNING * * *
Natasha casts a spell.
The cerulean imp hits you from afar with a +2 spear.
* * * LOW HITPOINT WARNING * * *
Natasha wildly gestures.
You feel disoriented.
Natasha stares at you and mumbles some strange words.
The magic dart hits you!
You die...

##........[..#
##.######...# #.#
###.#### #.#
#......# ##+#
#.#.##.#### #...#
#.#.......# ....[#
#(####.##.#
......##.###..##^#
.......#@.....##.#
.....5Kh............
......5####...##.###
.....5# ##.......
.....# ##.##.##.
#...# #.##.# ##+# .#
.#


You could see Natasha, 3 cerulean imps and a kobold.

Vanquished Creatures
  An ogre (D:4)
  A jelly (D:4)
  An orc priest (D:3)
  An orc wizard (D:3)
  2 adders (D:3)
  A shadow imp (D:3)
  2 worms (D:3)
  4 dart slugs
  3 orcs
  5 ball pythons
  6 endoplasms
  3 giant cockroaches
  5 goblins
  A hobgoblin (D:3)
  A quokka (D:1)
  5 bats
  4 frilled lizards
  4 kobolds
  4 rats
54 creatures vanquished.

Vanquished Creatures (collateral kills)
  An orc priest (D:3)
  An orc (D:3)
2 creatures vanquished.

Grand Total: 56 creatures vanquished

Notes
Turn   | Place    | Note
-------+----------+-------------------------------------------
     0 | D:1      | Ninjinzu the Demonspawn Necromancer began the quest for the
                  | Orb.
     0 | D:1      | Reached XP level 1. HP: 13/13 MP: 3/3
   209 | D:1      | Gained mutation: You have sharp fingernails. [demonic
                  | ancestry]
   209 | D:1      | Reached XP level 2. HP: 19/19 MP: 1/5
   760 | D:1      | Found Ebuosuv's Antique Armour Emporium.
  1136 | D:2      | Found a faded altar of an unknown god.
  1365 | D:2      | Found an ancient bone altar of Kikubaaqudgha.
  1916 | D:2      | Reached skill level 5 in Necromancy
  1916 | D:2      | Gained mutation: You regenerate a little health from kills.
                  | [demonic ancestry]
  1916 | D:2      | Reached XP level 3. HP: 24/24 MP: 6/6
  2025 | D:3      | Reached XP level 4. HP: 10/30 MP: 2/8
  2170 | D:3      | Found a sparkling altar of Nemelex Xobeh.
  2290 | D:3      | Found a blossoming altar of Fedhas.
  2302 | D:3      | Gained mutation: You regenerate health from kills. [demonic
                  | ancestry]
  2302 | D:3      | Reached XP level 5. HP: 35/35 MP: 10/10
  2317 | D:3      | Found Zin's Purification Station.
  2515 | D:3      | Found Laol's Jewellery Boutique.
  2695 | D:3      | Reached skill level 6 in Necromancy
  2998 | D:4      | Noticed an ogre
  3015 | D:4      | Killed an ogre
  3016 | D:4      | Reached XP level 6. HP: 10/41 MP: 10/11
  3249 | D:4      | Noticed Natasha
  3259 | D:4      | HP: 2/41 [cerulean imp/+2 spear[Natasha] (3)]
  3259 | D:4      | Killed from afar by Natasha

Illustrated notes

Levels and vault maps discovered:
D:1:      evilmike_arrival_crescent, layout_basic, serial_shops, shop,
          st_stairs_13, minmay_crystal_water, amcnicky_mini_pool_small,
          chequers_serial_rivers_micro_b
D:2:      layout_basic, basic_altar, shapermc_ecumenical_altar_acropolis
D:3:      layout_rooms, zin_purify, lemuel_crystal_altar,
          mainiacjoe_overflow_concentric_impassable, serial_shops,
          nicolae_shop_gaudy_bauble
D:4:      layout_loops_corners, uniq_natasha

Skill      XL: |  1  2  3  4  5 |
---------------+----------------+-----
Necromancy     | 5 6 |  6.8
Spellcasting   | 3 |  3.9
Stealth        | 2 |  2.0
Fighting       | |  0.1
Dodging        | |  1.9

Action                     |  1- 3 |  4- 6 || total
---------------------------+-------+-------++-------
  Melee: Staff             |       |     5 ||     5
   Cast: Necrotise         |    67 |    73 ||   140
 Armour: Robe              |     5 |     2 ||     7
  Dodge: Dodged            |    18 |    22 ||    40
